 Dungeon Crawl Stone Soup version 0.24-a0-447-ge8da9206dc (webtiles) character file.

Game seed: 15464718618833877070

33 Gynju the Skirmisher (level 3, 0/29 HPs)
             Began as a Demonspawn Fighter on June 25, 2019.
             Slain by a gnoll
             ... wielding a +0 whip
              (2 damage)
             ... on level 3 of the Dungeon.
             The game lasted 00:02:43 (1362 turns).

Gynju the Skirmisher (Demonspawn Fighter)           Turns: 1362, Time: 00:02:44

Health: 0/29       AC:  9    Str: 16    XL:     3   Next: 12%
Magic:  3/3        EV:  7    Int:  9    God:
Gold:   74         SH:  9    Dex: 13    Spells: 2/2 levels left

rFire    . . .     SeeInvis .   a - +0 flail
rCold    . . .     Gourm    .   c - +0 shield
rNeg     . . .     Faith    .   b - +0 scale mail
rPois    .         Spirit   .   (no helmet)
rElec    .         Reflect  .   l - +0 cloak
rCorr    .         Harm     .   k - +0 pair of gloves
MR       .....                  (no boots)
Stlth    ..........             (no amulet)
HPRegen  0.09/turn              (no ring)
MPRegen  0.08/turn              (no ring)

@: no status effects
A: talons 1, rot immunity
a: no special abilities


You were on level 3 of the Dungeon.
You were very hungry.

You visited 1 branch of the dungeon, and saw 3 of its levels.

You collected 74 gold pieces.

Inventory:

Hand Weapons
 a - a +0 flail (weapon)
Missiles
 h - 22 poisoned darts (quivered)
Armour
 b - a +0 scale mail (worn)
 c - a +0 shield (worn)
 k - a +0 pair of gloves (worn)
 l - a +0 cloak (worn)
Scrolls
 e - a scroll of remove curse {unknown}
 g - a scroll of magic mapping {unknown}
 n - a scroll of enchant weapon {unknown}
 p - 2 scrolls of teleportation {unknown}
Potions
 d - a potion of might
 i - 3 potions of curing {unknown}
 j - a potion of heal wounds {unknown}
 m - a potion of lignification {unknown}
 o - a potion of ambrosia {unknown}
 q - a potion of brilliance {unknown}
Comestibles
 f - 5 rations


   Skills:
 + Level 3.3 Fighting
 - Level 1.7 Maces & Flails
 + Level 3.0 Armour
 + Level 1.0 Dodging
 + Level 3.0 Shields


You had 2 spell levels left.
You didn't know any spells.
Your spell library was empty.

Dungeon Overview and Level Annotations

Branches:
Dungeon (3/15)

Altars:


Innate Abilities, Weirdness & Mutations

You have sharp toenails.
You are immune to rotting.


Message History

The gnoll hits you but does no damage. The gnoll hits you with a +0 whip.
The gnoll closely misses you.
You hit the gnoll but do no damage. You claw the gnoll.
The gnoll is heavily wounded.
The gnoll hits you with a +0 club. You block the gnoll's attack.
Your shield and scale mail prevent you from hitting the gnoll.
The gnoll is heavily wounded.
The gnoll barely misses you. The gnoll hits you with a +0 club.
The gnoll completely misses you. You block the gnoll's attack.
You are too injured to fight recklessly!
You are too injured to fight recklessly!
You are too injured to fight recklessly!
You are too injured to fight recklessly!
You hit the gnoll.
The gnoll is moderately wounded.
You block the gnoll's attack.
The gnoll hits you from afar with a +1 halberd of chopping!
* * * LOW HITPOINT WARNING * * *
x2 The gnoll hits you with a +0 whip.
You die...

######## #########
#......######........
#(..........#####
##..######.#.#
#@g...# #.#.#
##g###.# #.#.#####
#.gg..)# #.#......
#..................
.........###.#######
>........### #.#
#.###.....# ..
####... # .###


You could see 4 gnolls.

Vanquished Creatures
  2 adders (D:2)
  An ooze (D:1)
  A ball python (D:2)
  A kobold (D:1)
  4 bats (D:1)
  2 frilled lizards (D:1)
  4 rats (D:1)
15 creatures vanquished.

Notes
Turn   | Place    | Note
-------+----------+-------------------------------------------
     0 | D:1      | Gynju the Demonspawn Fighter began the quest for the Orb.
     0 | D:1      | Reached XP level 1. HP: 18/18 MP: 1/1
   189 | D:1      | Gained mutation: You have sharp toenails. [demonic
                  | ancestry]
   189 | D:1      | Reached XP level 2. HP: 24/24 MP: 2/2
   935 | D:2      | Reached skill level 1 in Dodging
   935 | D:2      | Gained mutation: You are immune to rotting. [demonic
                  | ancestry]
   935 | D:2      | Reached XP level 3. HP: 27/29 MP: 3/3
  1362 | D:3      | Slain by a gnoll

Levels and vault maps discovered:
D:1:      nzn_arrival_settlement, layout_basic
D:2:      layout_rooms
D:3:      layout_loops_ring, first_ration, uniq_grinder

Skill      XL: |  1  2 |
---------------+-------+-----
Shields        | 3 |  3.0
Armour         | 3 |  3.0
Dodging        | 1 |  1.0
Fighting       | |  3.3
Maces & Flails | |  1.7

Action                   || total
-------------------------++-------
Melee: Flail             ||    56
       Kick              ||     6
Armor: Scale mail        ||    39
Dodge: Dodged            ||    25
Block: Shield            ||    31

Table legend:
 A = Non-vault XP
 B = Vault XP
 C = Vault XP percentage of total XP
 D = Non-vault monster count
 E = Vault monster count
 F = Vault count percentage of total count
                 A         B        C        D         E       F
            +---------+---------+-------+---------+---------+-------
      Total |      48 |       0 |   0.0 |      15 |       0 |   0.0
            +---------+---------+-------+---------+---------+-------
        D:1 |      20 |       0 |   0.0 |      12 |       0 |   0.0
        D:2 |      28 |       0 |   0.0 |       3 |       0 |   0.0
            +---------+---------+-------+---------+---------+-------
